 Dungeon Crawl Stone Soup version 0.29-a0-517-gbdf32494f2 (webtiles) character file.

Game seed: 9604780856921112804

1159 siradein the Sneak (level 8, 0/61 HPs)
             Began as a Human Brigand on May 31, 2022.
             Was a Believer of Trog.
             Slain by an orc warrior
             ... wielding a +0 flail
              (15 damage)
             ... on level 6 of the Dungeon.
             The game lasted 00:13:34 (5698 turns).

siradein the Sneak (Human Brigand)                  Turns: 5698, Time: 00:13:35

Health: 0/61       AC:  7    Str: 11    XL:     8   Next: 66%
Magic:  8/8        EV: 13    Int: 12    God:    Trog [**....]
Gold:   238        SH:  5    Dex: 17    Spells: 7/7 levels left

rFire   . . .      SeeInvis .   n - +1 short sword (speed)
rCold   + . .      Faith    .   j - +0 buckler
rNeg    . . .      Spirit   .   w - +0 troll leather armour {Pargi}
rPois   .          Reflect  .   (no helmet)
rElec   .          Harm     .   c - +0 cloak
rCorr   .          Rampage  .   h - +0 pair of gloves
Will    +....                   u - +0 pair of boots
Stlth   +++.......              (no amulet)
HPRegen 1.00/turn               b - ring of willpower
MPRegen 0.11/turn               q - ring of protection from cold

@: no status effects
A: no striking features
a: Renounce Religion, Berserk, Trog's Hand


You were on level 6 of the Dungeon.
You worshipped Trog.
Trog was pleased with you.
You visited 1 branch of the dungeon, and saw 8 of its levels.

You collected 238 gold pieces.

Inventory:

Hand Weapons
 n - a +1 short sword of speed (weapon)
Missiles
 d - 9 poisoned darts (quivered)
 e - 3 curare-tipped darts
Armour
 c - a +0 cloak (worn)
 h - a +0 pair of gloves (worn)
 j - a +0 buckler (worn)
 u - a +0 pair of boots (worn)
 w - a +0 troll leather armour (worn) {Pargi}
Jewellery
 b - a ring of willpower (left hand)
 q - a ring of protection from cold (right hand)
Wands
 t - a wand of acid (1)
 y - a wand of iceblast (4)
Scrolls
 a - a scroll of enchant armour {unknown}
 g - a scroll of immolation {unknown}
 i - a scroll of noise {unknown}
 l - a scroll of brand weapon {unknown}
 m - 2 scrolls of blinking {unknown}
 o - 2 scrolls of identify {unknown}
 p - a scroll of magic mapping {unknown}
 r - 3 scrolls of poison {unknown}
 A - a scroll of teleportation {unknown}
Potions
 f - a potion of invisibility {unknown}
 k - 2 potions of attraction {unknown}
 s - 2 potions of curing {unknown}
 v - 3 potions of mutation {unknown}
 x - a potion of berserk rage {unknown}
 z - a potion of degeneration {unknown}


   Skills:
 + Level 4.3 Fighting
 + Level 4.4 Short Blades
 + Level 4.3 Throwing
 + Level 2.7 Armour
 + Level 4.0 Dodging
 - Level 4.8 Stealth
 + Level 3.5 Shields


You had 7 spell levels left.
You didn't know any spells.
Your spell library was empty.

Dungeon Overview and Level Annotations

Branches:
Dungeon (8/15)             Temple (0/1) D:6
   Lair: D:8-11

Altars:
Trog

Shops:
D:6 *


Message History

The orc warrior is moderately wounded.
The orc warrior closely misses you.
You hit the orc warrior.
The orc warrior is moderately wounded.
You closely miss the orc warrior.
The orc warrior is moderately wounded.
The orc warrior hits you with a +0 flail!
You hit the orc warrior.
The orc warrior is heavily wounded.
You closely miss the orc warrior.
The orc warrior is heavily wounded.
The orc warrior completely misses you.
You hit the orc warrior but do no damage.
The orc warrior is heavily wounded.
The orc warrior hits you with a +0 flail.
You hit the orc warrior.
The orc warrior is heavily wounded.
You barely miss the orc warrior.
The orc warrior is heavily wounded.
The orc warrior hits you with a +0 flail!
You hit the orc warrior but do no damage.
The orc warrior is heavily wounded.
The orc warrior closely misses you.
You barely miss the orc warrior.
The orc warrior is heavily wounded.
You hit the orc warrior.
The orc warrior is severely wounded.
The orc warrior hits you with a +0 flail.
An orc comes into view. It is wielding a +0 war axe.
You barely miss the orc warrior.
The orc warrior is severely wounded.
The orc shouts!
You hit the orc warrior.
The orc warrior is severely wounded.
The orc warrior hits you with a +0 flail!
* * * LOW HITPOINT WARNING * * *
You hit the orc warrior.
The orc warrior is almost dead.
The orc warrior hits you with a +0 flail!
You die...

...# ## ...# ..#
...#### ...# ♣.....#
...# ......# ...#
♣.#...# ##########...#
..#...###............#
......'.'............+
......###.......@....#
......# #.......o.####
......# #....o##)##
###...# #.....#.).###
##### #.......∩...#
..........#...#.....
..........##.##.....
....................
....................


You could see an orc warrior and an orc.

Vanquished Creatures
  Sigmund (D:2)
  Eustachio (D:4)
  Duvessa (D:4)
  Pargi (D:3)
  An ogre (D:3)
  A centaur (D:7)
  Dowan (D:4)
  2 hounds
  Crazy Yiuf (D:3)
  A jelly (D:7)
  Terence (D:2)
  2 iguanas
  Ijyb (D:2)
  2 orc wizards
  3 gnolls (D:2)
  7 adders
  A white imp (D:7)
  2 worms
  A dart slug (D:1)
  6 orcs
  6 endoplasms
  3 giant cockroaches
  9 goblins
  9 hobgoblins
  8 kobolds
  3 quokkas
  9 ball pythons
  7 bats
  3 frilled lizards
  5 rats
99 creatures vanquished.

Notes
Turn   | Place    | Note
-------+----------+-------------------------------------------
     0 | D:1      | siradein the Human Brigand began the quest for the Orb.
     0 | D:1      | Reached XP level 1. HP: 16/16 MP: 1/1
   349 | D:1      | Found a faded altar of an unknown god.
   355 | D:1      | Reached XP level 2. HP: 22/22 MP: 2/2
   502 | D:1      | Prayed at the altar of an unknown god.
   502 | D:1      | Became a worshipper of Trog the Wrathful
   502 | D:1      | Reached * piety under Trog
   979 | D:1      | Reached XP level 3. HP: 21/27 MP: 3/3
  1316 | D:2      | Noticed Sigmund
  1330 | D:2      | Killed Sigmund
  1331 | D:2      | Reached skill level 1 in Shields
  1331 | D:2      | Reached XP level 4. HP: 34/34 MP: 4/4
  1331 | D:2      | Reached XP level 5. HP: 40/40 MP: 5/5
  1402 | D:2      | Reached XP level 6. HP: 39/46 MP: 6/6
  1597 | D:2      | Noticed Terence
  1621 | D:2      | Killed Terence
  3193 | D:3      | Noticed Ijyb
  3197 | D:3      | Noticed an ogre
  3595 | D:2      | Killed Ijyb
  3818 | D:3      | Killed an ogre
  3819 | D:3      | Reached XP level 7. HP: 52/52 MP: 7/7
  3911 | D:3      | Noticed Pargi
  4131 | D:3      | Reached ** piety under Trog
  4139 | D:3      | Found a runed translucent door.
  4140 | D:3      | Noticed Crazy Yiuf
  4168 | D:3      | Reached skill level 1 in Armour
  4340 | D:3      | Killed Pargi
  4574 | D:3      | Killed Crazy Yiuf
  4766 | D:4      | Noticed Dowan
  4840 | D:4      | Noticed Duvessa
  4851 | D:4      | Noticed Eustachio
  4973 | D:4      | Killed Eustachio
  4974 | D:4      | Reached XP level 8. HP: 60/60 MP: 8/8
  5046 | D:4      | Killed Duvessa
  5135 | D:4      | Killed Dowan
  5359 | D:5      | Entered Level 5 of the Dungeon
  5464 | D:5      | You fall into a shaft and drop 3 floors!
  5619 | D:6      | Found a staircase to the Ecumenical Temple.
  5638 | D:6      | Found Liteibepi's Gadget Gallery.
  5698 | D:6      | Slain by an orc warrior

Illustrated notes

Levels and vault maps discovered:
D:1:      nicolae_arrival_somewhat_less_tricky_arrival, layout_loops_cross,
          ebering_ecumenical_altar_rust, nicolae_concentric_dashed_squares_wild
D:2:      layout_basic, minmay_small_reverse_x, uniq_sigmund, uniq_terence
D:3:      layout_basic, uniq_pargi, uniq_crazy_yiuf_cottage, uniq_ijyb
D:4:      layout_cave_pools, uniq_eustachio, uniq_duvessa
D:5:      layout_gridville, enter_ossuary_5, uniq_blork_the_orc, uniq_edmund
D:6:      layout_basic, minmay_temple_entry_trees, nicolae_shop_gadgets,
          uniq_grinder
D:7:      layout_basic, enter_bailey_2
D:8:      layout_loops_ring, serial_park_tiny_1, grunt_decor_junction,
          kennysheep_just_a_vault, uniq_joseph

Skill      XL: |  1  2  3  4  5  6  7  8 |
---------------+-------------------------+-----
Dodging        | 2 3 4 |  4.0
Shields        | 1 2 3 |  3.5
Short Blades   | 3 4 |  4.4
Fighting       | 3 4 |  4.3
Throwing       | 3 4 |  4.3
Armour         | 1 2 |  2.7
Stealth        | |  4.8

Action                   |  1- 3 |  4- 6 |  7- 9 || total
-------------------------+-------+-------+-------++-------
Melee: Dagger            |    83 |    38 |       ||   121
       Short sword       |       |   119 |   300 ||   419
Invok: Berserk           |     1 |     3 |     4 ||     8
 Stab: Sleeping          |     6 |     1 |     3 ||    10
       Distracted        |       |       |     1 ||     1
Armor: Robe              |    26 |       |       ||    26
       Leather armour    |     2 |     7 |       ||     9
       Scale mail        |       |    42 |    33 ||    75
       Troll leather arm |       |       |    62 ||    62
Dodge: Dodged            |    47 |    57 |   120 ||   224
Block: Buckler           |       |    32 |    63 ||    95

Table legend: (Time is in decaauts)
 A = Elapsed time spent in this place.
 B = Non-inter-level travel time spent in this place.
 C = Inter-level travel time spent in this place.
 D = Time resting spent in this place.
 E = Time spent auto-exploring this place.
 F = Levels seen in this place.
 G = Mean time per level.
                   A        B        C        D        E       F      G
               +--------+--------+--------+--------+--------+-----+--------+
         Total |   5626 |   5409 |    217 |   1131 |   2802 |   8 |  703.2 |
       Dungeon |   5626 |   5409 |    217 |   1131 |   2802 |   8 |  703.2 |
               +--------+--------+--------+--------+--------+-----+--------+

Top non-repeatable levels by time:
     D:2: 2163 daAuts
     D:1: 1678 daAuts
     D:3: 849 daAuts
     D:4: 632 daAuts
     D:7: 132 daAuts
     D:5: 98 daAuts
     D:6: 63 daAuts
     D:8: 8 daAuts
